 Dungeon Crawl Stone Soup version 0.30-a0-726-gd89dcf765f (webtiles) character file.

Game seed: 6639548886973961637

1122 kingofthe the Ducker (level 8, -1/70 HPs)
             Began as a Troll Warper on Jan 30, 2023.
             Was an Initiate of Makhleb.
             Slain by a water moccasin (3 damage)
             ... on level 5 of the Dungeon.
             The game lasted 00:13:14 (4511 turns).

kingofthe the Ducker (Troll Warper)                 Turns: 4511, Time: 00:13:15

Health: -1/70      AC:  4    Str: 20    XL:     8   Next: 12%
Magic:  11/11      EV: 11    Int:  9    God:    Makhleb [......]
Gold:   310        SH:  0    Dex: 11    Spells: 11/13 levels left

rFire   . . .      SeeInvis .      - Unarmed
rCold   . . .      Faith    .    (no shield)
rNeg    + . .      Spirit   .    a - +0 robe
rPois   .          Reflect  .    (helmet restricted)
rElec   .          Harm     .    (no cloak)
rCorr   .          Rampage  .    (gloves unavailable)
Will    .....                    (boots unavailable)
Stlth   +                        v - amulet of magic regeneration
HPRegen 1.11/turn                m - ring of positive energy
MPRegen 0.52/turn                (no ring)

@: lethally poisoned (-1 -> -2)
A: large, unfitting armour, claws 3, regeneration 1, shaggy fur 1, tough skin 1
a: Renounce Religion


You were on level 5 of the Dungeon.
You worshipped Makhleb.
Makhleb was noncommittal.
You visited 2 branches of the dungeon, and saw 6 of its levels.

You collected 352 gold pieces.
You spent 42 gold pieces at shops.

Inventory:

Hand Weapons
 b - a +0 shortbow
 x - a +0 halberd of flaming
 z - a +0 short sword of speed
Missiles
 c - 7 boomerangs of dispersal (quivered)
 i - 9 boomerangs
 y - a throwing net
Armour
 a - a +0 robe (worn)
Jewellery
 m - a ring of positive energy (left claw)
 v - an amulet of magic regeneration (around neck)
Wands
 q - a wand of paralysis (7)
 r - a wand of flame (23)
Scrolls
 d - 4 scrolls of teleportation
 e - a scroll of enchant armour {unknown}
 g - 3 scrolls of identify {unknown}
 k - 2 scrolls of poison {unknown}
 l - a scroll of vulnerability {unknown}
 n - a scroll of immolation {unknown}
 p - a scroll of acquirement {unknown}
 s - a scroll of blinking
 C - a scroll of noise {unknown}
Potions
 f - a potion of heal wounds {unknown}
 h - 2 potions of curing {unknown}
 j - a potion of flight {unknown}
 o - a potion of mutation {unknown}
 t - a potion of degeneration {unknown}
 u - a potion of invisibility {unknown}
 w - a potion of cancellation {unknown}
 A - a potion of might {unknown}
 B - a potion of attraction {unknown}


   Skills:
 - Level 1.5 Fighting
 + Level 2.3 Ranged Weapons
 - Level 0.8 Throwing
 + Level 4.4 Dodging
 - Level 3.0 Unarmed Combat
 + Level 3.2 Spellcasting
 + Level 4.3 Translocations


You had 11 spell levels left.
You knew the following spells:

 Your Spells              Type           Power      Damage    Failure   Level
a - Blink                 Tloc           18%        N/A       8%          2

Your spell library contained the following spells:

 Spells                   Type           Power      Damage    Failure   Level
 Lesser Beckoning         Tloc           18%        N/A       8%          2
 Teleport Other           Tloc           9%         N/A       16%         3
 Vhi's Electric Charge    Tloc/Air       10%        N/A       36%         3
 Manifold Assault         Tloc           9%         N/A       45%         4


Dungeon Overview and Level Annotations

Branches:
Dungeon (5/15)             Temple (1/1) D:5

Altars:
Cheibriados
Dithmenos
Elyvilon
Fedhas
Gozag
Hepliaklqana
Makhleb
Nemelex Xobeh
Sif Muna
Trog
Uskayaw
Vehumet
Wu Jian
Zin

Shops:
D:4 ?


Innate Abilities, Weirdness & Mutations

You are too large for most types of armour.
You have claws for hands.
Your natural rate of healing is unusually fast.
You are covered in fur. (AC +1)
You have tough skin. (AC +1)


Message History

The water moccasin barely misses you.
You scratch the water moccasin. Your claw misses the water moccasin.
The water moccasin is moderately wounded.
The water moccasin bites you.
You scratch the water moccasin. Your claw misses the water moccasin.
The water moccasin is moderately wounded.
The water moccasin barely misses you.
You scratch the water moccasin but do no damage.
The water moccasin is moderately wounded.
The water moccasin bites you but does no damage.
The water moccasin bites you!
* * * LOW HITPOINT WARNING * * *
You closely miss the water moccasin.
The water moccasin is moderately wounded.
The water moccasin barely misses you.
You scratch the water moccasin.
The water moccasin is moderately wounded.
The water moccasin bites you.
* * * LOW HITPOINT WARNING * * *
You scratch the water moccasin.
The water moccasin is heavily wounded.
The water moccasin barely misses you. The water moccasin bites you!
* * * LOW HITPOINT WARNING * * *
You are poisoned.
The water moccasin poisons you!
You completely miss the water moccasin.
The water moccasin is heavily wounded.
You feel very sick. The water moccasin bites you!
* * * LOW HITPOINT WARNING * * *
You miss the water moccasin.
The water moccasin is heavily wounded.
* * * LOW HITPOINT WARNING * * *
You feel sick.
The water moccasin bites you but does no damage.
You barely miss the water moccasin.
The water moccasin is heavily wounded.
* * * LOW HITPOINT WARNING * * *
You feel sick. The water moccasin bites you.
You die...

###....##..#
...........#
#.8.......8..#
#.#............#
#.#.8.......8..#
#.............#
#..8..._...8.#
#.....###...$#
#......@S..###
#..##..#####
###..#...#
.....#..##
#.......#
....#...#
........# ####
........## ##...
.........#
##....


You could see a water moccasin.

Vanquished Creatures
  A centaur (D:4)
  4 kobold brigands (D:4)
  A phantom (D:5)
  A bullfrog (D:5)
  A gnoll sergeant (D:4)
  2 scorpions (D:4)
  2 orc priests (D:3)
  A hound (D:4)
  2 iguanas
  An orc wizard (D:3)
  17 gnolls
  An adder (D:4)
  A white imp (D:5)
  A worm (D:4)
  3 dart slugs
  8 orcs
  5 endoplasms
  2 giant cockroaches
  9 goblins
  13 hobgoblins
  3 quokkas
  4 ball pythons
  4 bats
  2 frilled lizards (D:1)
  38 kobolds
  7 rats
134 creatures vanquished.

Notes
Turn   | Place    | Note
-------+----------+-------------------------------------------
     0 | D:1      | kingofthe the Troll Warper began the quest for the Orb.
     0 | D:1      | Reached XP level 1. HP: 19/19 MP: 1/1
   224 | D:1      | Reached XP level 2. HP: 27/27 MP: 3/3
   634 | D:1      | Learned a level 2 spell: Blink
   754 | D:2      | Found an ornate altar of the Wu Jian Council.
   807 | D:2      | Reached XP level 3. HP: 33/33 MP: 4/4
  1591 | D:3      | Reached XP level 4. HP: 9/41 MP: 5/5
  1651 | D:3      | Found an opulent altar of Gozag.
  1733 | D:3      | Found a snail-covered altar of Cheibriados.
  1818 | D:3      | Reached XP level 5. HP: 27/48 MP: 5/7
  2207 | D:4      | Found Elusi's Magic Scroll Shoppe.
  2216 | D:4      | Bought a scroll of teleportation for 42 gold pieces
  2304 | D:4      | Found a blossoming altar of Fedhas.
  2367 | D:4      | Noticed a centaur
  2379 | D:4      | Killed a centaur
  2473 | D:4      | Reached XP level 6. HP: 51/55 MP: 8/8
  2715 | D:4      | Reached skill level 1 in Ranged Weapons
  3005 | D:4      | Reached XP level 7. HP: 46/62 MP: 9/9
  4041 | D:5      | Entered Level 5 of the Dungeon
  4117 | D:5      | Found a staircase to the Ecumenical Temple.
  4127 | Temple   | Entered the Ecumenical Temple
  4163 | Temple   | Became a worshipper of Makhleb the Destroyer
  4180 | D:5      | Found a shadowy altar of Dithmenos.
  4481 | D:5      | Reached XP level 8. HP: 70/70 MP: 11/11
  4484 | D:5      | Found a hide-covered altar of Uskayaw.
  4510 | D:5      | HP: 3/70 [poisoned by a water moccasin]
  4511 | D:5      | Slain by a water moccasin

Illustrated notes

Levels and vault maps discovered:
D:1:      grunt_arrival_crossed_arrows, layout_basic
D:2:      layout_basic, basic_altar, minmay_misc_feat_ornament
D:3:      layout_basic, mainiacjoe_overflow_alcove_2, mainiacjoe_overflow_paths
D:4:      minmay_goblin_kobold_castle, layout_rooms,
          mainiacjoe_overflow_chevrons, serial_shops, shop,
          serial_co_window_serial, co_window_paths_a, co_window_paths_b,
          co_window_paths_b, co_window_paths_a, co_window_paths_b,
          co_window_corner_a, co_window_paths_b, co_window_broadway_a,
          co_window_cross_2, glass_columns_c, glass_columns_a, glass_columns_a,
          glass_columns_a
D:5:      layout_cave_pods, grunt_dithmenos_smoke_and_mirrors,
          eat_drink_and_be_merry_uskayaw, minmay_temple_entry_butterflies,
          serial_shops, nicolae_shop_crystal, kennysheep_mini,
          kennysheep_generic_room_3
Temple:   hellmonk_temple_rainy

Skill      XL: |  1  2  3  4  5  6  7 |
---------------+----------------------+-----
Dodging        | 2 3 4 |  4.4
Unarmed Combat | 3 |  3.0
Spellcasting   | 2 3 |  3.2
Translocations | 3 4 |  4.3
Ranged Weapons | 1 2 |  2.3
Fighting       | |  1.5
Throwing       | |  0.8

Action                     |  1- 3 |  4- 6 |  7- 9 || total
---------------------------+-------+-------+-------++-------
  Melee: Unarmed           |    94 |   117 |   160 ||   371
         Punch             |       |     4 |     3 ||     7
   Fire: Shortbow          |       |    49 |    75 ||   124
   Stab: Sleeping          |       |     1 |       ||     1
 Armour: Robe              |    22 |    36 |    77 ||   135
  Dodge: Dodged            |    40 |    63 |   175 ||   278

Table legend: (Time is in decaauts)
 A = Elapsed time spent in this place.
 B = Non-inter-level travel time spent in this place.
 C = Inter-level travel time spent in this place.
 D = Time resting spent in this place.
 E = Time spent auto-exploring this place.
 F = Levels seen in this place.
 G = Mean time per level.
                   A        B        C        D        E       F      G
               +--------+--------+--------+--------+--------+-----+--------+
         Total |   4519 |   4186 |    333 |    296 |   2682 |   6 |  753.2 |
       Dungeon |   4475 |   4149 |    326 |    296 |   2672 |   5 |  895.0 |
        Temple |     44 |     37 |      7 |      0 |     10 |   1 |   44.0 |
               +--------+--------+--------+--------+--------+-----+--------+

Top non-repeatable levels by time:
     D:4: 1989 daAuts
     D:1: 746 daAuts
     D:3: 741 daAuts
     D:2: 704 daAuts
     D:5: 293 daAuts
  Temple: 44 daAuts
